 Dungeon Crawl Stone Soup version 0.31-a0-920-g28cbb04a8c (webtiles) character file.

Game seed: 15364646012594041844

545576 Xavori the Imperceptible (level 26, -2/221 HPs)
             Began as an Octopode Chaos Knight on Oct 17, 2023.
             Was a Favourite Plaything of Xom.
             Killed from afar by a starcursed mass (6 damage)
             ... with an accursed screaming
             ... on level 6 of the Abyss on Oct 18, 2023.
             The game lasted 01:31:40 (62395 turns).

Xavori the Imperceptible (Octopode Chaos Knight)   Turns: 62395, Time: 01:31:41

Health: -2/221     AC: 37    Str:  0      XL:     26   Next: 13%
Magic:  16/16      EV: 35    Int: 18 (22) God:    Xom [......]
Gold:   6348       SH: 19    Dex: 32      Spells: 23/25 levels left

rFire   + + +        J - +9 quick blade (holy)
rCold   + + +        X - +2 kite shield {rC+ rF+}
rNeg    + + +        g - +0 hat of Words of Power {rPois Regen+ Str-2}
rPois   ∞            K - amulet of Quleron {Regen+ Str-4 Int+4 Dex+5}
rElec   +            k - ring of Juci {rPois rCorr}
rCorr   +            D - ring of protection from fire
SInv    .            n - +6 ring of dexterity
Will    +....        B - ring "Zoczur" {rC+ rN+++ Str-5 Int+6} Stlth *+++++++++
                     I - +4 ring of slaying
HPRegen 0.00/turn    Z - +4 ring of protection
MPRegen 0.15/turn    f - ring "Raahubue" {rC++ Will- EV+5 Str+3}
                     h - ring of the Queen {+Blink Fly Will+}

%: random rage (9%)
@: statue-form, on berserk cooldown, flying, inhibited regen, slowed, lost
strength, studying 2 skills, very slow
A: slow and powerful, torment resistance 1, boosted hp, almost no armour,
amphibious, 8 rings, camouflage 1, (gelatinous body 1), (nimble swimmer 1),
tentacles, agile 1, fire resistance 2, frail 1, screaming 1, berserk 1[+1],
[clumsy 2], deterioration 1[+1], [dopey 1], low MP 2[+1], ([teleportitis 2]),
[weak 2], [subdued magic 1], [inability to drink after injury 1]
}: 3/15 runes: serpentine, slimy, silver
a: Begin Untransformation, Renounce Religion, Evoke Blink


You were on level 6 of the Abyss.
You worshipped Xom.
You were a very special plaything of Xom.
You were a living statue of rough stone.
You visited 10 branches of the dungeon, and saw 44 of its levels.
You visited the Abyss 2 times.
You visited 1 bazaar.
You also visited: Ossuary, Gauntlet and Ice Cave.

You collected 8713 gold pieces.
You spent 2365 gold pieces at shops.

Inventory:

Hand Weapons
 J - a +9 quick blade of holy wrath (weapon)
 N - the +8 arc blade {discharge, rElec}
   (You found it on level 14 of the Dungeon)

   rElec:     It insulates you from electricity.
Armour
 g - the +0 hat of Words of Power (worn) {rPois Regen+ Str-2}
   (You acquired it on level 7 of the Dungeon)

   Str-2:     It affects your strength (-2).
   rPois:     It protects you from poison Regen+: It increases your rate of
   health regeneration.
 X - a +2 kite shield of resistance (worn)
Jewellery
 f - the ring "Raahubue" (on tentacle) {rC++ Will- EV+5 Str+3}
   (You found it on level 5 of the Lair of Beasts)

   [ring of evasion]

   EV+5:      It affects your evasion (+5).
   Str+3:     It affects your strength (+3).
   rC++:      It greatly protects you from cold.
   Will-:     It decreases your willpower.
 h - the ring of the Queen (on tentacle) {+Blink Fly Will+}
   (You found it on level 3 of the Crypt)

   [ring of flight]

   Will+:     It increases your willpower.
   Fly:       It grants you flight.
   +Blink:    It lets you blink.
 k - the ring of Juci (left tentacle) {rPois rCorr}
   (You bought it in a shop on level 1 of the Elven Halls)

   [ring of resist corrosion]

   rPois:     It protects you from poison rCorr: It protects you from acid and
   corrosion.
 n - a +6 ring of dexterity (on tentacle)
 u - an amulet of reflection
 x - a ring of protection from cold
 B - the ring "Zoczur" (on tentacle) {rC+ rN+++ Str-5 Int+6}
   (You took it off a deep elf blademaster on level 3 of the Elven Halls)

   [ring of intelligence]

   Str-5:     It affects your strength (-5).
   Int+6:     It affects your intelligence (+6).
   rC+:       It protects you from cold.
   rN+++:     It renders you almost immune to negative energy.
 D - a ring of protection from fire (right tentacle)
 I - a +4 ring of slaying (on tentacle)
 K - the amulet of Quleron (around mantle) {Regen+ Str-4 Int+4 Dex+5}
   (You found it on level 3 of the Elven Halls)

   [amulet of regeneration]

   Str-4:     It affects your strength (-4).
   Int+4:     It affects your intelligence (+4).
   Dex+5:     It affects your dexterity (+5).
   Regen+:    It increases your rate of health regeneration.
 V - a ring of see invisible
 Z - a +4 ring of protection (on tentacle)
Talismans
 U - a granite talisman (active)
Wands
 m - a wand of light (26)
 v - a wand of paralysis (37)
 C - a wand of polymorph (22)
 E - a wand of mindburst (33)
 H - a wand of flame (52)
 L - a wand of digging (13)
 O - a wand of iceblast (38)
Scrolls
 a - 2 scrolls of torment
 b - a scroll of butterflies
 c - 4 scrolls of blinking
 i - 8 scrolls of fog
 j - 15 scrolls of teleportation
 r - a scroll of brand weapon
 w - 9 scrolls of revelation
 y - 7 scrolls of enchant armour
 M - 5 scrolls of summoning
 P - 7 scrolls of fear
 S - 8 scrolls of immolation
 Y - a scroll of enchant weapon
Potions
 d - 11 potions of heal wounds
 e - 6 potions of ambrosia
 l - 3 potions of invisibility
 o - 2 potions of berserk rage
 p - 5 potions of brilliance
 q - 18 potions of curing
 s - 3 potions of resistance
 z - 16 potions of haste
 A - 6 potions of mutation
 F - 6 potions of might
 G - 6 potions of cancellation
 Q - 4 potions of lignification
 R - 4 potions of magic
Miscellaneous
 T - a tin of tremorstones (2/2)
 W - a box of beasts


   Skills:
 + Level 18.0 Fighting
 * Level 19.7 Short Blades
 + Level 17.6 Dodging
 + Level 24.7 Stealth
 + Level 15.1 Shields
 + Level 5.0 Translocations
 - Level 9.1 Evocations
 * Level 21.3 Shapeshifting


You had 23 spell levels left.
You knew the following spells:

 Your Spells              Type           Power      Damage    Failure   Level
a - Blink                 Tloc           26%        N/A       34%         2

Your spell library contained the following spells:

 Spells                   Type           Power      Damage    Failure   Level
 Lesser Beckoning         Tloc           26%        N/A       34%         2
 Gell's Gravitas          Tloc           13%        N/A       58%         3
 Teleport Other           Tloc           13%        N/A       58%         3
 Momentum Strike          Conj/Tloc      12%        3d8       71%         2
 Foxfire                  Conj/Fire      0%         2x1d4     89%         1
 Kiss of Death            Conj/Necr      0%         2d5       89%         1
 Necrotise                Necr           0%         1d4       89%         1
 Sandblast                Erth           0%         2d4       89%         1
 Shock                    Conj/Air       0%         1d3       89%         1
 Sting                    Tmut/Pois      0%         1d3       89%         1
 Manifold Assault         Tloc           13%        N/A       94%         4
 Passage of Golubria      Tloc           13%        N/A       94%         4
 Cigotuvi's Dreadful Rot  Necr/Pois/Air  0%         N/A       96%         2
 Ensorcelled Hibernation  Hex/Ice        0%         N/A       96%         2
 Jinxbite                 Hex            0%         N/A       96%         2
 Passwall                 Tmut/Erth      0%         N/A       96%         2
 Static Discharge         Conj/Air       0%         2-2/arc   96%         2
 Call Canine Familiar     Summ           0%         N/A       99%         3
 Confusing Touch          Hex            0%         N/A       99%         3
 Dazzling Flash           Conj/Hex       0%         N/A       99%         3
 Frozen Ramparts          Ice            0%         1d1       99%         3
 Hailstorm                Conj/Ice       0%         3d3       99%         3
 Ignite Poison            Fire/Tmut/Pois 0%         N/A       99%         3
 Mephitic Cloud           Conj/Pois/Air  0%         N/A       99%         3
 Ozocubu's Armour         Ice            0%         N/A       99%         3
 Sigil of Binding         Hex            0%         N/A       99%         3
 Stone Arrow              Conj/Erth      0%         3d7       99%         3
 Summon Guardian Golem    Hex/Summ       0%         N/A       99%         3
 Swiftness                Air            0%         N/A       99%         3
 Vampiric Draining        Necr           0%         2d6       99%         3
 Airstrike                Air            0%         2d(0-16)  100%        4
 Anguish                  Hex/Necr       0%         N/A       100%        4
 Animate Dead             Necr           0%         N/A       100%        4
 Brom's Barrelling Bould  Conj/Erth      0%         2d3       100%        4
 Cause Fear               Hex            0%         N/A       100%        4
 Dimensional Bullseye     Hex/Tloc       3%         N/A       100%        4
 Dispel Undead            Necr           0%         3d6       100%        4
 Leda's Liquefaction      Hex/Erth       0%         N/A       100%        4
 Olgreb's Toxic Radiance  Pois           0%         N/A       100%        4
 Petrify                  Tmut/Erth      0%         N/A       100%        4
 Summon Ice Beast         Ice/Summ       0%         N/A       100%        4
 Summon Lightning Spire   Summ/Air       0%         N/A       100%        4
 Vhi's Electric Charge    Tloc/Air       12%        N/A       100%        4
 Agony                    Necr           0%         N/A       100%        5
 Alistair's Intoxication  Tmut/Pois      0%         N/A       100%        5
 Arcjolt                  Conj/Air       0%         1d10      100%        5
 Borgnjor's Vile Clutch   Necr/Erth      0%         N/A       100%        5
 Fireball                 Conj/Fire      0%         3d3       100%        5
 Freezing Cloud           Conj/Ice/Air   0%         6-21      100%        5
 Irradiate                Conj/Tmut      0%         3d11      100%        5
 Iskenderun's Battlesphe  Conj           0%         2d6       100%        5
 Lee's Rapid Deconstruct  Erth           0%         3d4*      100%        5
 Metabolic Englaciation   Hex/Ice        0%         N/A       100%        5
 Silence                  Hex/Air        0%         N/A       100%        5
 Summon Forest            Summ/Tloc      3%         N/A       100%        5
 Summon Mana Viper        Hex/Summ       0%         N/A       100%        5
 Yara's Violent Unravell  Hex/Tmut       0%         3d3       100%        5
 Bombard                  Conj/Erth      0%         9d1       100%        6
 Conjure Ball Lightning   Conj/Air       0%         3x3d6     100%        6
 Death Channel            Necr           0%         N/A       100%        6
 Dispersal                Tloc           6%         N/A       100%        6
 Eringya's Noxious Bog    Tmut/Pois      0%         4d6       100%        6
 Plasma Beam              Fire/Air       0%         2x1d10    100%        6
 Simulacrum               Ice/Necr       0%         N/A       100%        6
 Starburst                Conj/Fire      0%         6d3       100%        6
 Summon Cactus Giant      Summ           0%         N/A       100%        6
 Enfeeble                 Hex            0%         N/A       100%        7
 Haunt                    Necr/Summ      0%         N/A       100%        7
 Malign Gateway           Summ/Tloc      3%         N/A       100%        7
 Monstrous Menagerie      Summ           0%         N/A       100%        7
 Orb of Destruction       Conj           0%         9d5       100%        7
 Ozocubu's Refrigeration  Ice            0%         4d7       100%        7
 Spellforged Servitor     Conj/Summ      0%         N/A       100%        7
 Disjunction              Tloc           6%         N/A       100%        8
 Infestation              Necr           0%         N/A       100%        8
 Lehudib's Crystal Spear  Conj/Erth      0%         10d2      100%        8
 Maxwell's Capacitive Co  Air            0%         ∞         100%        8
 Dragon's Call            Summ           0%         N/A       100%        9
 Polar Vortex             Ice            0%         N/A       100%        9
 Animate Armour           Summ/Erth      Unusable   N/A       N/A         4

Dungeon Overview and Level Annotations

Branches:
Dungeon (15/15) Zot: 429   Temple (0/1) D:6            Lair (5/5) D:9
 Shoals (0/4) Lair:2        Snake (4/4) Lair:3        Slime (5/5) Lair:4
    Orc (2/2) D:12            Elf (3/3) Orc:2        Vaults (5/5) D:13
  Crypt (3/3) Vaults:3       Tomb (0/3) Crypt:3      Depths (1/4) D:15
   Hell (visited)         Ossuary (visited)           IceCv (visited)
Gauntlet (visited)
    Dis: Hell:1         Geh: Hell:1         Coc: Hell:1         Tar: Hell:1

Altars:
Cheibriados
Dithmenos
Elyvilon
Fedhas
Gozag
Hepliaklqana
Kikubaaqudgha
Makhleb
Nemelex Xobeh
Okawaru
Ru
Sif Muna
Uskayaw
Vehumet
Wu Jian
Xom
Yredelemnul
The Shining One
Jiyva

Shops:
D:5 *   Orc:2 =!(*   Elf:1 :(=   Elf:2 (   Snake:4 !   Vaults:1 (   Vaults:5 ((

Portals:
Hell: Depths:1
Pandemonium: Orc:2

Annotations:
D:7 3 runed translucent doors, Arex's ghost, novice VSFi
D:14 1 runed translucent door
Lair:1 3 runed translucent doors, lunkers's ghost, journeyman MeSh
Hell Geryon


Innate Abilities, Weirdness & Mutations

You are a living statue of rough stone.
Your actions are slow, but your melee attacks are powerful.
You are resistant to unholy torment.
Your maximum health is greatly increased.
You cannot wear most types of armour.
You are amphibious.
You can wear up to eight rings at the same time.
You are immune to poison.
Your skin changes colour to match your surroundings (Stealth+).
((Your rubbery body absorbs attacks. (AC +1, EV +1)))
((You are camouflaged when in or above water. (Stealth+)))
You have tentacles for arms and can constrict up to eight enemies at once.
You are agile. (Dex +4, Str/Int -1)
Your flesh is very heat resistant. (rF++)
You are frail. (-10% HP)
You occasionally shout uncontrollably at your foes.
[You have an uncontrollable temper.]
[You are very clumsy. (Dex -4)]
[Your body often deteriorates upon taking damage.]
[You are dopey. (Int -2)]
[Your magical capacity is extremely low. (-30% MP)]
[((You are often teleported next to monsters.))]
[You are very weak. (Str -4)]
[Your spells are a little easier to cast, but a little less powerful.]
[You occasionally lose the ability to drink potions when taking damage.]


Message History

The starcursed mass shrieks in your mind.
* * * LOW HITPOINT WARNING * * *
The chaos spawn hisses angrily.
You hit the wretched star. You squeeze the wretched star!!
You impale the wretched star!! You squeeze the wretched star.
You destroy the wretched star!
The starcursed mass shrieks in your mind.
* * * LOW HITPOINT WARNING * * *
You feel the corruption within you wane somewhat.
Your urge to scream lessens.
You begin to regenerate regardless of the presence of monsters.
You feel clever.
You lose the ability to drink potions when taking damage less often.
Unknown command.
Unknown command.
Unknown command.
You yell at the orange demon!
An orange demon and a large abomination come into view.
The orange demon screeches!
You hear a chilling moan.
A starcursed mass splits.
A chorus of shrieks assaults your mind.
* * * LOW HITPOINT WARNING * * *
You block the starcursed mass's attack.
You impale the starcursed mass!!
You destroy the starcursed mass!
The starcursed mass shrieks in your mind.
* * * LOW HITPOINT WARNING * * *
Unknown command.
You impale the large abomination!!
The large abomination convulses!!
You destroy the large abomination!
You block the chaos spawn's attack.
Unknown command.
You are too berserk!
You are too berserk!
You are no longer berserk.
You are exhausted.
You feel yourself slow down.
The starcursed mass shrieks in your mind.
You die... "This toy is broken."

# §§# ## # .#
# ####.. # ..
#.#.#. ...
### # ..##
... .. ###.#
.. #.
.###8##.#..#
#...#....4X.#
# .
#.##...$....
#
.#..#.#.##.≈.
.......#
.###.# .. #
#. # . .## .
## .#.#.. .#
#. .#.## #
.... .


You could see a starcursed mass and a chaos spawn.

Vanquished Creatures
  the Royal Jelly (Slime:5)
  2 dread liches
  3 ancient liches
  Sojobo (Vaults:4)
  Bai Suzhen (Snake:3)
  A golden dragon (Depths:1)
  Nikola (Snake:2)
  A profane servitor (Abyss:3)
  3 bone dragons
  2 tentacled monstrosities
  3 deep elf master archers (Elf:3)
  8 titans
  3 liches
  4 deep elf blademasters (Elf:3)
  15 acid blobs
  A tentacled starspawn (Abyss:6)
  7 sphinxes
  6 tengu reavers
  An Executioner (Abyss:2)
  Aizul (Snake:2)
  3 ancient champions
  A shadow dragon (shapeshifter) (Vaults:5)
  Agnes (Snake:3)
  3 storm dragons
  9 azure jellies
  Roxanne (Elf:2)
  7 shadow dragons
  7 revenants
  A rockslime (shapeshifter) (Vaults:2)
  6 rockslimes
  2 iron dragons
  8 deep elf sorcerers
  A nagaraja (Snake:4)
  3 deep elf elementalists (Elf:3)
  18 vault wardens
  4 fire giants
  7 frost giants
  A ghost moth (Crypt:3)
  A caustic shrike zombie (Depths:1)
  3 angels
  A balrug (Abyss:6)
  A cacodemon (Hell)
  5 ghouls (Crypt:1)
  A curse skull (Crypt:3)
  A spectral caustic shrike (Crypt:3)
  2 orc warlords
  A reaper (Crypt:3)
  9 quicksilver oozes
  19 ironbound preservers
  13 very ugly things
  6 formless jellyfish
  3 war gargoyles
  7 ironbound thunderhulks
  7 stone giants
  21 dire elephants
  12 deep elf annihilators
  A spectral titan (Crypt:3)
  A minotaur (Gauntlet)
  3 deep elf demonologists
  7 vampire knights
  Azrael (Snake:2)
  A spark wasp (Depths:1)
  55 slime creatures
  3 crystal guardians
  5 ettins
  13 eidola
  Josephine (Orc:1)
  2 blizzard demons
  6 deep elf death magi
  11 yaktaur captains
  A spectral golden dragon (Crypt:3)
  An entropy weaver (Vaults:1)
  9 great orbs of eyes
  7 deep elf high priests
  4 jiangshi (Crypt:3)
  4 rakshasas
  2 salamander tyrants (Snake:4)
  An ice dragon (Depths:1)
  31 vault guards
  6 hydras
  2 spectral spriggans (Crypt:3)
  4 peacekeepers
  A spectral shadow dragon (Crypt:3)
  9 ironbound frosthearts
  3 anacondas
  A catoblepas (Lair:5)
  12 centaur warriors
  An ogre mage (Vaults:2)
  A caustic shrike simulacrum (Crypt:3)
  A spriggan air mage (Depths:1)
  9 boulder beetles
  A fenstrider witch skeleton (Crypt:3)
  A spectral stone giant (Crypt:3)
  A bennu zombie (Crypt:1)
  2 demonspawn (Orc:2)
  8 hell hogs
  4 two-headed ogres
  28 dancing weapons
  A tengu warrior (D:15)
  2 Orb Guardian skeletons
  7 naga warriors
  A deep troll shaman (Depths:1)
  14 death yaks
  3 death knights
  10 thrashing horrors
  7 orc high priests
  5 vampire magi
  2 spectral dire elephants (Crypt:3)
  14 naga sharpshooters
  4 spectral storm dragons (Crypt:3)
  6 shock serpents
  7 shadow wraiths (Crypt:3)
  4 sun demons (Abyss:6)
  6 soul eaters
  A titan skeleton (Crypt:3)
  6 wretched stars
  13 deep elf knights
  A hell knight (Vaults:2)
  A spatial maelstrom (Abyss:2)
  A bunyip zombie (Crypt:1)
  A golden dragon zombie (Depths:1)
  5 sixfirhies
  7 sea snakes
  2 spectral anacondas (Crypt:3)
  6 salamander mystics
  An iron troll (Depths:1)
  A death drake (shapeshifter) (Depths:1)
  52 deep trolls
  8 skeletal warriors
  A bunyip skeleton (Abyss:3)
  A lindwurm (shapeshifter) (Vaults:5)
  4 naga ritualists (Snake:4)
  A swamp dragon (Lair:2)
  3 glowing orange brains
  A tengu zombie (Vaults:4)
  13 orc knights
  10 flayed ghosts
  11 deep elf archers
  5 necromancers
  16 phantasmal warriors
  11 lindwurms
  A wolf spider zombie (Crypt:1)
  19 deep elf zephyrmancers
  18 ironbound convokers
  4 harpies (Vaults:1)
  An alligator zombie (Crypt:2)
  8 mana vipers
  8 shining eyes (Slime:5)
  A stone giant zombie (Vaults:4)
  27 deep elf pyromancers
  7 orc sorcerers
  A spectral ettin (Crypt:3)
  7 manticores
  23 ugly things
  23 salamanders
  A will-o-the-wisp (Abyss:6)
  8 cyclopes
  A jorogumo skeleton (Crypt:2)
  2 worldbinders
  An elephant (shapeshifter) (Lair:5)
  An iron dragon skeleton (Crypt:1)
  8 guardian serpents
  An apocalypse crab (Abyss:5)
  16 naga magi
  A spectral centaur (Crypt:3)
  30 black mambas
  11 elephants
  A stone giant skeleton (Vaults:4)
  A spectral alligator snapping turtle (Crypt:3)
  An alligator snapping turtle zombie (Crypt:2)
  18 vault sentinels
  An eye of devastation (shapeshifter) (D:15)
  2 eyes of devastation (Slime:5)
  4 gargoyles
  A rust devil (Abyss:5)
  An ice statue (IceCv)
  5 smoke demons
  A red draconian zombie (Crypt:3)
  2 centaur skeletons (Crypt:2)
  A sea snake zombie (Crypt:2)
  A torpor snail (Lair:2)
  Maurice (Orc:1)
  11 cane toads
  A dire elephant skeleton (Crypt:2)
  A kobold demonologist (D:13)
  9 komodo dragons
  A shock serpent skeleton (Crypt:3)
  Jeremiah (D:8)
  12 rime drakes
  A rime drake (shapeshifter) (D:13)
  32 yaktaurs
  13 freezing wraiths
  2 unseen horrors
  3 guardian mummies (Crypt:1)
  2 efreet (D:13)
  An ice devil (Abyss:3)
  A tengu conjurer (D:13)
  A hydra zombie (Abyss:2)
  4 ancient zymes (Abyss:6)
  A hellwing (Orc:2)
  8 trolls
  A spectral demonspawn (Crypt:3)
  15 polar bears
  A queen bee (shapeshifter) (Vaults:5)
  A mana viper skeleton (Crypt:3)
  An ettin zombie (Crypt:2)
  A wind drake (shapeshifter) (D:15)
  14 blink frogs
  26 raiju
  A harpy skeleton (Crypt:2)
  A polar bear (shapeshifter) (Vaults:5)
  13 dream sheep
  A blink frog (shapeshifter) (D:15)
  A death drake skeleton (Crypt:1)
  A fire dragon zombie (Crypt:1)
  2 stone giant simulacra
  Sigmund (D:4)
  An ettin skeleton (Crypt:2)
  A dream sheep (shapeshifter) (D:13)
  3 spectral black mambas (Crypt:3)
  3 flying skulls (Abyss:5)
  A spriggan zombie (Depths:1)
  An air elemental (Elf:1)
  3 jumping spiders (shapeshifter)
  4 shadows
  2 fire bats (Abyss:3)
  4 ynoxinuls
  17 wraiths
  A hog (shapeshifter) (Elf:1)
  4 wyverns
  4 hogs (D:8)
  44 yaks
  A vampire (D:12)
  A dire elephant simulacrum (Crypt:3)
  8 fire elementals
  A human (D:8)
  28 starcursed masses
  A black mamba skeleton (Crypt:1)
  2 water elementals
  5 basilisks
  5 vampire mosquitoes
  A redback (Vaults:1)
  8 small abominations
  A chaos spawn (Abyss:2)
  6 wargs
  3 neqoxecs (Abyss:6)
  50 nagas
  A skyshark zombie (Crypt:2)
  19 large abominations
  A spatial vortex (Abyss:2)
  A naga zombie (Crypt:3)
  An acid dragon (D:13)
  21 water moccasins
  17 hell hounds (Lair:5)
  A merfolk skeleton (Crypt:1)
  38 orc warriors
  3 ice beasts
  A sky beast (D:8)
  A swamp drake (D:12)
  13 black bears
  A black bear (shapeshifter) (D:13)
  A blink frog zombie (Crypt:2)
  32 wolves
  9 boggarts
  7 ogres
  13 centaurs
  A phantom (D:6)
  An elf zombie (Crypt:1)
  3 kobold brigands
  8 bullfrogs
  3 gnoll sergeants
  12 scorpions
  5 earth elementals
  4 wights (D:9)
  A polar bear zombie (Crypt:1)
  16 killer bees
  2 spriggan skeletons
  A swamp dragon simulacrum (Crypt:3)
  7 howler monkeys
  A bullfrog zombie (Crypt:2)
  3 crimson imps (Gauntlet)
  2 centaur zombies (Ossuary)
  6 jellies
  31 orc priests
  10 hounds
  4 gnoll boudas
  3 human zombies (Crypt:1)
  3 iron imps (Abyss:2)
  3 human skeletons (Crypt:1)
  4 iguanas
  2 scorpion zombies (Ossuary)
  15 orc wizards
  A hell rat (Lair:3)
  A naga skeleton (Crypt:3)
  4 mummies
  32 gnolls
  4 adders
  11 river rats
  A shadow imp (D:5)
  15 white imps
  An ufetubus (Abyss:3)
  2 dart slugs
  64 orcs
  8 endoplasms
  2 giant cockroaches
  4 goblins
  8 hobgoblins
  3 jackals
  4 quokkas
  3 ball pythons
  6 bats
  6 frilled lizards
  3 goblin zombies (Ossuary)
  3 hobgoblin zombies (Ossuary)
  12 kobolds
  2 kobold zombies (Ossuary)
  3 orc zombies (Ossuary)
  A quokka zombie (Crypt:3)
  A lurking horror (Abyss:3)
2009 creatures vanquished.

Vanquished Creatures (collateral kills)
  Asterion (Snake:4)
  A centaur warrior (Vaults:1)
  A vault guard (Vaults:5)
  An anaconda (Snake:4)
  A two-headed ogre (Orc:1)
  A thrashing horror (Abyss:3)
  A naga ritualist (Snake:3)
  An orc knight (Orc:1)
  A phantasmal warrior (Vaults:5)
  A salamander (Snake:4)
  3 elephants (Lair:3)
  A slime creature (Slime:5)
  A smoke demon (Abyss:3)
  3 black mambas (Snake:4)
  Maggie (D:6)
  2 blink frogs (Lair:3)
  A yak (D:10)
  2 nagas
  A floating eye (Slime:3)
  A hell rat (Lair:3)
  A gnoll (D:6)
  A river rat (Lair:3)
28 creatures vanquished.

Vanquished Creatures (others)
  A very ugly thing (Depths:1)
  An eidolon (Crypt:3)
  A fire dragon (Depths:1)
  2 vault guards (Vaults:5)
  A dancing weapon (Snake:4)
  3 deep trolls
  An ironbound convoker (Vaults:4)
  A starcursed mass (Abyss:6)
  A phantasmal warrior (Vaults:4)
  A deep elf zephyrmancer (Elf:1)
  A naga mage (Snake:4)
  The ghost of Fodor the Covered, a novice MiFi (D:4)
  A komodo dragon (Lair:1)
  A hornet (Vaults:5)
  4 orc warriors (Vaults:3)
  5 orc priests
  An orc (Orc:1)
  8 starspawn tentacles
35 creatures vanquished.

Grand Total: 2072 creatures vanquished

Notes
Turn   | Place    | Note
-------+----------+-------------------------------------------
     0 | D:1      | Xavori the Octopode Chaos Knight began the quest for the
                  | Orb.
     0 | D:1      | Reached XP level 1. HP: 16/16 MP: 1/1
    99 | D:1      | Reached XP level 2. HP: 13/21 MP: 2/2
   505 | D:1      | XOM: enchant monster (good)
   613 | D:1      | Reached XP level 3. HP: 21/26 MP: 3/3
   985 | D:1      | XOM: scenery: summon butterflies
  1057 | D:1      | XOM: give mutations
  1057 | D:1      | Gained mutation: [Your body sometimes deteriorates upon
                  | taking damage.] [Xom's mischief]
  1057 | D:1      | Gained mutation: Your system is resistant to poisons.
                  | (rPois) [Xom's mischief]
  1850 | D:1      | XOM: scenery: summon butterflies
  2266 | D:1      | XOM: give mutations
  2266 | D:1      | Gained mutation: You are strong-willed. (Will+) [Xom's
                  | grace]
  2266 | D:1      | Gained mutation: You are robust. (+10% HP) [Xom's grace]
  2266 | D:1      | Gained mutation: You expend magic power (3 MP) to
                  | strengthen your wands. [Xom's grace]
  2602 | D:1      | XOM: give mutations
  2602 | D:1      | Gained mutation: You have a pair of small antennae on your
                  | head. [Xom's grace]
  2602 | D:1      | Gained mutation: One of your tentacles bears a spike.
                  | [Xom's grace]
  2927 | D:1      | XOM: give mutations
  2927 | D:1      | Gained mutation: Your spells are a little harder to cast,
                  | but a little more powerful. [Xom's grace]
  2927 | D:1      | Gained mutation: Your mind is acute. (Int +4, Str/Dex -1)
                  | [Xom's grace]
  2927 | D:1      | Gained mutation: Your muscles are strong. (Str +4, Int/Dex
                  | -1) [Xom's grace]
  2927 | D:1      | Gained mutation: You are agile. (Dex +4, Str/Int -1) [Xom's
                  | grace]
  3090 | D:1      | XOM: give mutations
  3090 | D:1      | Gained mutation: Your muscles are very strong. (Str +8,
                  | Int/Dex -2) [Xom's grace]
  3090 | D:1      | Gained mutation: You are partially covered in iridescent
                  | scales. (AC +2) [Xom's grace]
  3090 | D:1      | Gained mutation: You are very agile. (Dex +8, Str/Int -2)
                  | [Xom's grace]
  3572 | D:2      | You fall into a shaft and drop 2 floors!
  3606 | D:4      | Noticed Sigmund
  3614 | D:4      | Killed Sigmund
  3615 | D:4      | Reached XP level 4. HP: 37/37 MP: 4/4
  3615 | D:4      | Reached XP level 5. HP: 41/41 MP: 5/5
  3615 | D:4      | Reached XP level 6. HP: 48/48 MP: 6/6
  3805 | D:3      | XOM: god gift: staff of fire
  3953 | D:3      | XOM: scenery: summon butterflies
  4070 | D:3      | XOM: give mutations
  4070 | D:3      | Lost mutation: One of your tentacles bears a spike. [Xom's
                  | mischief]
  4070 | D:3      | Gained mutation: You have an increased reservoir of magic.
                  | (+10% MP) [Xom's mischief]
  4101 | D:4      | Identified the +4 hand axe of the Pill Bug {protect, rPois
                  | Will+ Str-4 Int+3}
  4134 | D:4      | Noticed Fodor's ghost (novice MiFi)
  4135 | D:4      | Found a runed translucent door.
  4164 | D:4      | Found an ancient bone altar of Kikubaaqudgha.
  4215 | D:4      | Found an ornate altar of the Wu Jian Council.
  4396 | D:4      | Found a basalt altar of Yredelemnul.
  4471 | D:4      | Found a blossoming altar of Fedhas.
  4471 | D:4      | Found a shimmering blue altar of Sif Muna.
  4472 | D:4      | Found a hide-covered altar of Uskayaw.
  4476 | D:4      | Found a burning altar of Makhleb.
  4883 | D:4      | Killed Fodor's ghost
  4883 | D:4      | XOM: divine lightning
  4998 | D:5      | Entered Level 5 of the Dungeon
  5016 | D:5      | XOM: smoke on damage
  5066 | D:5      | XOM: blink monster(s)
  5069 | D:5      | Reached skill level 5 in Fighting
  5163 | D:5      | XOM: noise
  5238 | D:5      | Reached skill level 5 in Short Blades
  5238 | D:5      | Reached XP level 7. HP: 51/55 MP: 7/7
  5272 | D:5      | Found Qielet's General Store.
  5297 | D:5      | Bought a potion of invisibility for 88 gold pieces
  5297 | D:5      | Bought a potion of heal wounds for 55 gold pieces
  5338 | D:5      | XOM: 1-stop teleportation journey
  5367 | D:5      | Found a white marble altar of Elyvilon.
  5377 | D:5      | XOM: smoke on damage
  5381 | D:5      | Reached skill level 5 in Dodging
  5653 | D:5      | XOM: summons 1 hostile demon
  5764 | D:5      | XOM: summons 3 friendly demons
  5780 | D:5      | Reached XP level 8. HP: 61/62 MP: 8/8
  6003 | D:6      | Found a sacrificial altar of Ru.
  6007 | D:6      | Found a snail-covered altar of Cheibriados.
  6008 | D:6      | Found a hazy altar of Hepliaklqana.
  6008 | D:6      | Found an iron altar of Okawaru.
  6008 | D:6      | Found a radiant altar of Vehumet.
  6107 | D:6      | XOM: confusion
  6110 | D:6      | XOM: confusion
  6216 | D:6      | Noticed Maggie
  6223 | D:6      | XOM: potion effect (haste)
  6227 | D:6      | XOM: cleaving
  6233 | D:6      | Killed Maggie
  6434 | D:6      | Found a sparkling altar of Nemelex Xobeh.
  6435 | D:6      | Found a shadowy altar of Dithmenos.
  6484 | D:6      | Found an opulent altar of Gozag.
  6653 | D:6      | Found a staircase to the Ecumenical Temple.
  6931 | D:6      | XOM: divination: detect items
  7158 | D:6      | XOM: cast spell 'Summon Mana Viper'
  7172 | D:6      | XOM: give mutations
  7172 | D:6      | Gained mutation: You are mostly covered in iridescent
                  | scales. (AC +4) [Xom's mischief]
  7172 | D:6      | Lost mutation: Your system is resistant to poisons. (rPois)
                  | [Xom's mischief]
  7326 | D:7      | Noticed Arex's ghost (novice VSFi)
  7352 | D:7      | Reached XP level 9. HP: 35/70 MP: 9/9
  7518 | D:7      | Noticed a cyclops
  7550 | D:7      | XOM: swap monsters
  7580 | D:7      | XOM: enchant monster (bad)
  7813 | D:7      | XOM: 3-stop teleportation journey
  7915 | D:7      | Found a runed translucent gate.
  7916 | D:7      | Found a runed translucent gate.
  7917 | D:7      | Found a runed translucent gate.
  7991 | D:7      | XOM: confuse monster(s)
  7997 | D:7      | XOM: cast spell 'Summon Ice Beast'
  8088 | D:7      | XOM: scenery: 1 doors open
  8658 | D:7      | Identified 2 scrolls of acquirement
  8659 | D:7      | Acquired a +1 quick blade of holy wrath
  8670 | D:7      | Acquired the +0 hat of Words of Power {rPois Regen+ Str-2}
  8845 | D:8      | XOM: 2-stop teleportation journey
  8847 | D:8      | XOM: 1-stop teleportation journey
  8984 | D:8      | Noticed Jeremiah
  8993 | D:8      | Killed Jeremiah
  8996 | D:8      | Reached XP level 10. HP: 80/80 MP: 11/11
  9005 | D:8      | Found a sand-covered staircase.
  9040 | Ossuary  | Entered an ossuary
  9346 | D:8      | XOM: give mutation
  9346 | D:8      | Lost mutation: You are strong-willed. (Will+) [Xom's
                  | mischief]
  9389 | D:8      | Noticed a two-headed ogre
  9402 | D:8      | Killed a two-headed ogre
 10118 | D:9      | Reached skill level 1 in Evocations
 10130 | D:9      | Found a staircase to the Lair.
 10142 | D:9      | XOM: fake destruction
 10160 | D:9      | Killed an enormous slime creature
 10161 | D:9      | Reached skill level 10 in Fighting
 10161 | D:9      | Reached XP level 11. HP: 58/89 MP: 2/12
 10171 | D:9      | Reached skill level 10 in Short Blades
 10274 | D:9      | Noticed a two-headed ogre
 10285 | D:9      | Killed a two-headed ogre
 10286 | D:9      | Reached skill level 10 in Dodging
 10433 | D:9      | XOM: give mutations
 10433 | D:9      | Lost mutation: You are mostly covered in iridescent scales.
                  | (AC +4) [Xom's mischief]
 10433 | D:9      | Lost mutation: You are robust. (+10% HP) [Xom's mischief]
 10433 | D:9      | Lost mutation: Your spells are a little harder to cast, but
                  | a little more powerful. [Xom's mischief]
 10433 | D:9      | Gained mutation: [Your body often deteriorates upon taking
                  | damage.] [Xom's mischief]
 10498 | D:9      | XOM: stat loss: -1 Str (19/20)
 10652 | D:10     | Entered Level 10 of the Dungeon
 10652 | D:10     | XOM: scenery: summon butterflies
 10671 | D:10     | XOM: scenery: 2 doors open
 10739 | D:10     | XOM: god gift: glowing hand axe {god gift}
 10781 | D:10     | XOM: divination: magic mapping
 10826 | D:10     | XOM: scenery: summon butterflies
 10827 | D:10     | XOM: polymorph jackal -> ball python
 10837 | D:10     | XOM: divination: detect items
 10841 | D:10     | XOM: 4-stop teleportation journey
 11185 | D:10     | Identified the +0 war axe of Joyful Slaughter {freeze,
                  | rPois Str+3}
 11407 | D:10     | Identified the +5 flail "Poakh" {speed, Str+4}
 11477 | D:10     | XOM: summons 3 friendly demons
 11646 | Gauntlet | Identified the "Xavus"
 11646 | Gauntlet | Identified the "Luez"
 11646 | D:13     | Identified the "Suutez"
 11646 | Lair:1   | Entered Level 1 of the Lair of Beasts
 11664 | Lair:1   | Reached skill level 5 in Evocations
 11712 | Lair:1   | XOM: summons 11 friendly demons
 11809 | D:9      | XOM: god gift: smoking scale mail {god gift}
 11809 | D:9      | Identified the +5 scale mail of Haibb {Str+4} (Xom gifted
                  | it to you on level 9 of the Dungeon)
 11815 | Lair:1   | XOM: smoke on damage
 11848 | Lair:1   | XOM: destruction
 11947 | Lair:1   | Reached XP level 12. HP: 87/90 MP: 13/13
 11962 | Lair:1   | Found a runed translucent gate.
 11963 | Lair:1   | Found a runed translucent gate.
 11963 | Lair:1   | Noticed a death yak
 11964 | Lair:1   | Found a runed translucent gate.
 11986 | Lair:1   | Noticed lunkers's ghost (journeyman MeSh)
 12043 | Lair:1   | Identified the +0 dagger of Okawaru's Favour {protect,
                  | +Blink rC+}
 12051 | Lair:1   | XOM: cleaving
 12152 | Lair:1   | XOM: divine lightning
 12278 | Lair:1   | XOM: scenery: summon butterflies
 12368 | Lair:2   | XOM: scenery: create altars
 12407 | Lair:2   | Reached skill level 1 in Stealth
 12409 | Lair:2   | XOM: cleaving
 12415 | Lair:2   | Reached skill level 2 in Stealth
 12495 | Lair:2   | Reached skill level 3 in Stealth
 12501 | Lair:2   | XOM: god gift: book of Dangerous Friends
 12571 | Lair:2   | Noticed a six-headed hydra
 12576 | Lair:2   | XOM: fog
 12582 | Lair:2   | XOM: fog
 12588 | Lair:2   | XOM: enchant monster (good)
 12602 | Lair:2   | Killed a six-headed hydra
 12603 | Lair:2   | Reached skill level 4 in Stealth
 12695 | Lair:2   | Found a staircase to the Shoals.
 12702 | Lair:2   | Reached skill level 5 in Stealth
 12840 | Lair:2   | XOM: god gift: potion of invisibility
 12866 | Lair:2   | XOM: potion effect (invisibility)
 12874 | Lair:2   | Reached skill level 6 in Stealth
 12889 | Lair:2   | XOM: give mutations
 12889 | Lair:2   | Gained mutation: Your spells are a little harder to cast,
                  | but a little more powerful. [Xom's grace]
 12889 | Lair:2   | Gained mutation: You possess an exceptional clarity of
                  | mind. [Xom's grace]
 12889 | Lair:2   | Gained mutation: One of your tentacles bears a spike.
                  | [Xom's grace]
 12914 | Lair:2   | XOM: polymorph elephant -> swamp dragon
 12931 | Lair:2   | Reached skill level 7 in Stealth
 12976 | Lair:2   | XOM: torment (47/91 hp)
 13357 | Lair:3   | XOM: cast spell 'Summon Mana Viper'
 13380 | Lair:3   | Reached skill level 8 in Stealth
 13380 | Lair:3   | Reached skill level 1 in Shapeshifting
 13380 | Lair:3   | Reached XP level 13. HP: 94/96 MP: 14/14
 13396 | Lair:3   | XOM: polymorph hell rat -> hell rat
 13408 | Lair:3   | XOM: confuse monster(s)
 13413 | Lair:3   | XOM: summons 3 friendly demons
 13430 | Lair:3   | Reached skill level 9 in Stealth
 13498 | Lair:3   | XOM: scenery: summon butterflies
 13500 | Lair:3   | XOM: cleaving
 13514 | Lair:3   | XOM: 4-stop teleportation journey
 13673 | Lair:3   | Reached skill level 10 in Stealth
 13892 | Lair:3   | Found a staircase to the Snake Pit.
 13894 | Lair:3   | XOM: silly message
 14363 | Lair:4   | XOM: smoke on damage
 14397 | Lair:4   | XOM: potion effect (brilliance)
 14398 | Lair:4   | XOM: confuse monster(s)
 14400 | Lair:4   | XOM: potion effect (attraction)
 14437 | Lair:3   | Reached skill level 11 in Stealth
 14545 | Lair:4   | XOM: noise
 14560 | Lair:4   | XOM: potion effect (haste)
 14645 | Lair:3   | XOM: cast spell 'Olgreb's Toxic Radiance'
 14656 | Lair:3   | XOM: confuse monster(s)
 14792 | Lair:3   | XOM: silly message
 15046 | Lair:4   | Reached XP level 14. HP: 93/104 MP: 15/15
 15109 | Lair:4   | Reached skill level 12 in Stealth
 15109 | Lair:4   | XOM: cloud trail
 15325 | Lair:4   | Found a staircase to the Slime Pits.
 15508 | Lair:4   | Found a shimmering altar of Xom.
 15827 | D:11     | XOM: god gift: 7 stones
 16011 | D:11     | Found a gate leading to a gauntlet.
 16017 | Gauntlet | Entered a Gauntlet
 16017 | Gauntlet | Found a transporter.
 16025 | Gauntlet | Found a transporter.
 16027 | Gauntlet | Found a transporter.
 16038 | Gauntlet | Found a transporter.
 16041 | Gauntlet | Found a transporter.
 16052 | Gauntlet | Found a transporter.
 16070 | Gauntlet | Found a transporter.
 16077 | Gauntlet | Found a runed translucent door.
 16081 | Gauntlet | Found a transporter.
 16090 | Gauntlet | Found a transporter.
 16095 | Gauntlet | Found a transporter.
 16097 | Gauntlet | Found a transporter.
 16113 | Gauntlet | Found a transporter.
 16128 | Gauntlet | Found a transporter.
 16275 | Gauntlet | Found a transporter.
 16289 | Gauntlet | XOM: confuse monster(s)
 16294 | Gauntlet | Identified the +1 hat of Integrity {rElec rPois MP+9 Str-2}
 16331 | Gauntlet | XOM: cloud trail
 16643 | D:11     | XOM: potion effect (brilliance)
 16786 | D:11     | XOM: divination: detect items
 16958 | D:11     | Reached skill level 5 in Shapeshifting
 17011 | D:11     | XOM: 5-stop teleportation journey
 17183 | D:11     | XOM is BORED!
 17183 | D:11     | XOM: summons 3 hostile shadow creatures
 17312 | D:11     | XOM: divination: magic mapping
 17467 | D:11     | XOM: god gift: scroll of poison
 17550 | D:12     | XOM: noise
 17604 | D:12     | Found a staircase to the Orcish Mines.
 18158 | D:12     | XOM: give mutations
 18158 | D:12     | Gained mutation: Your spells are harder to cast, but more
                  | powerful. [Xom's grace]
 18158 | D:12     | Gained mutation: You are mostly covered in iridescent
                  | scales. (AC +4) [Xom's grace]
 18158 | D:12     | Gained mutation: Your mind is very acute. (Int +8, Str/Dex
                  | -2) [Xom's grace]
 18158 | D:12     | Gained mutation: Your skin blends seamlessly with your
                  | surroundings (Stealth++). [Xom's grace]
 18174 | D:12     | XOM: god gift: 54 gold pieces
 18389 | Lair:5   | Entered Level 5 of the Lair of Beasts
 18495 | Lair:5   | XOM: polymorph seven-headed hydra -> great orb of eyes
 18508 | Lair:5   | XOM: polymorph cane toad -> glowing shapeshifter
 18510 | Lair:5   | XOM: swap monsters
 18636 | Lair:5   | XOM: give mutations
 18636 | Lair:5   | Lost mutation: You possess an exceptional clarity of mind.
                  | [Xom's mischief]
 18636 | Lair:5   | Lost mutation: You expend magic power (3 MP) to strengthen
                  | your wands. [Xom's mischief]
 18636 | Lair:5   | Lost mutation: Your mind is very acute. (Int +8, Str/Dex
                  | -2) [Xom's mischief]
 18685 | Lair:5   | XOM: summons 2 friendly demons
 18698 | Lair:5   | XOM: 6-stop teleportation journey
 18713 | Lair:5   | HP: 5/106 [hell hound/blast of flame (25)]
 18841 | Lair:5   | Identified the +2 dagger of Ascent {freeze, Int+9}
 18984 | Lair:5   | Reached skill level 13 in Stealth
 19010 | Lair:5   | XOM: silly message
 19016 | Lair:5   | XOM: silly message
 19153 | Lair:5   | Identified the ring "Raahubue" {rC++ Will- EV+5 Str+3}
 19185 | Lair:5   | XOM: 3-stop teleportation journey
 19314 | Lair:5   | Identified the +8 arbalest "Cish" {penet, *Slow rPois rC++}
 19372 | Lair:5   | XOM: divination: magic mapping
 19515 | Lair:5   | XOM: give mutations
 19515 | Lair:5   | Gained mutation: One of your tentacles bears a nasty spike.
                  | [Xom's grace]
 19515 | Lair:5   | Gained mutation: You expend magic power (3 MP) to
                  | strengthen your wands. [Xom's grace]
 19515 | Lair:5   | Gained mutation: You possess an exceptional clarity of
                  | mind. [Xom's grace]
 19572 | Lair:5   | XOM: god gift: wand of paralysis (4)
 19681 | Lair:5   | Reached XP level 15. HP: 111/111 MP: 16/16
 20081 | Orc:1    | Entered Level 1 of the Orcish Mines
 20114 | Orc:1    | Found a frozen archway.
 20132 | Orc:1    | Noticed Josephine
 20150 | Orc:1    | XOM: blink monster(s)
 20153 | Orc:1    | XOM: smoke on damage
 20157 | Orc:1    | Killed Josephine
 20157 | Orc:1    | XOM: noise
 20162 | Orc:1    | XOM: enchant monster (good)
 20164 | Orc:1    | XOM: enchant monster (bad)
 20192 | IceCv    | Entered an ice cave
 20212 | IceCv    | XOM: confuse monster(s)
 20220 | IceCv    | XOM: confuse monster(s)
 20227 | IceCv    | XOM: cast spell 'Alistair's Intoxication'
 20314 | IceCv    | XOM: cloud trail
 20329 | IceCv    | Noticed a frost giant
 20344 | IceCv    | XOM: potion effect (attraction)
 20352 | IceCv    | Killed a frost giant
 20362 | IceCv    | XOM: divination: detect creatures
 20398 | IceCv    | XOM: 2-stop teleportation journey
 20499 | IceCv    | XOM: silly message
 20548 | IceCv    | XOM: cloud trail
 20562 | IceCv    | XOM: scenery: create altars
 20565 | IceCv    | XOM: fog
 20571 | IceCv    | XOM: give mutations
 20571 | IceCv    | Gained mutation: You are covered in fur. (AC +1) [Xom's
                  | grace]
 20571 | IceCv    | Gained mutation: You passively map a small area around you.
                  | [Xom's grace]
 20580 | IceCv    | XOM: confuse monster(s)
 20584 | IceCv    | Reached skill level 14 in Stealth
 20689 | IceCv    | XOM: cleaving
 20756 | Orc:1    | XOM: scenery: summon butterflies
 20810 | Orc:1    | XOM: silly message
 21002 | Orc:1    | Noticed Maurice
 21006 | Orc:1    | XOM: cleaving
 21008 | Orc:1    | Killed Maurice
 21009 | Orc:1    | XOM: summons 15 friendly demons
 21061 | Orc:1    | XOM: scenery: 2 doors close
 21229 | Orc:2    | Entered Level 2 of the Orcish Mines
 21252 | Orc:2    | XOM: give mutations
 21252 | Orc:2    | Gained mutation: You have a considerably increased
                  | reservoir of magic. (+20% MP) [Xom's grace]
 21252 | Orc:2    | Gained mutation: You are strong-willed. (Will+) [Xom's
                  | grace]
 21404 | Orc:2    | Found Ehiejaet's General Store.
 21405 | Orc:2    | XOM: 4-stop teleportation journey
 21461 | Orc:2    | Found a staircase to the Elven Halls.
 21624 | Orc:2    | XOM: god gift: wand of light (4)
 21638 | Orc:2    | Found Locusk's Distillery.
 21641 | Orc:2    | XOM: confuse monster(s)
 21659 | Orc:2    | XOM: potion effect (invisibility)
 21683 | Orc:2    | XOM: potion effect (brilliance)
 21688 | Orc:2    | XOM: silly message
 21727 | Orc:2    | Bought a potion of haste for 140 gold pieces
 21727 | Orc:2    | Bought a potion of curing for 42 gold pieces
 21727 | Orc:2    | Bought a potion of curing for 42 gold pieces
 21727 | Orc:2    | Bought a potion of mutation for 112 gold pieces
 21727 | Orc:2    | Bought a potion of cancellation for 112 gold pieces
 21729 | Orc:2    | Bought 2 potions of haste for 220 gold pieces
 21729 | Orc:2    | Bought a potion of haste for 110 gold pieces
 21737 | Orc:2    | XOM: silly message
 21755 | Orc:2    | XOM: silly message
 21757 | Orc:2    | Lost mutation: You have a considerably increased reservoir
                  | of magic. (+20% MP) [a neqoxec]
 21791 | Orc:2    | XOM: divination: detect items
 21863 | Orc:2    | Found Uheq Sui's Antique Weapon Boutique.
 21863 | Orc:2    | Found Sewunice's Jewellery Shop.
 21863 | Orc:2    | Found a one-way gate leading to the halls of Pandemonium.
 22149 | D:13     | Found a gate to the Vaults.
 22189 | D:13     | Reached XP level 16. HP: 119/119 MP: 17/17
 22191 | D:13     | XOM: silly message
 22521 | D:13     | XOM: potion effect (curing)
 22522 | D:13     | XOM: potion effect (brilliance)
 22731 | D:13     | Reached skill level 15 in Stealth
 22743 | D:13     | Identified the +4 quarterstaff "Qeodog" {distort, rPois
                  | Int+8 Dex-4}
 22859 | D:14     | Reached skill level 1 in Shields
 22901 | D:14     | Reached skill level 10 in Shapeshifting
 22930 | D:14     | XOM: cast spell 'Summon Horrible Things'
 22959 | D:14     | Found the +8 arc blade {discharge, rElec}
 23296 | D:14     | Found a runed translucent door.
 23453 | D:14     | XOM: cloud trail
 23692 | D:15     | Entered Level 15 of the Dungeon
 23800 | D:15     | XOM: god gift: 16 gold pieces
 23923 | D:15     | XOM: enchant monster (good)
 24025 | D:15     | Found a staircase to the Depths.
 24215 | D:15     | XOM: stat loss: -1 Str (22/23)
 24434 | D:12     | XOM: give mutation
 24434 | D:12     | Lost mutation: You passively map a small area around you.
                  | [Xom's mischief]
 24552 | Lair:3   | XOM: summons 5 hostile demons
 24576 | Snake:1  | Entered Level 1 of the Snake Pit
 24685 | Snake:1  | XOM: chaos cloud
 24830 | Snake:1  | XOM: polymorph naga -> rime drake
 24844 | Snake:1  | XOM: fake destruction
 25023 | Snake:1  | XOM: fake destruction
 25078 | Snake:1  | Reached skill level 16 in Stealth
 25286 | Snake:2  | XOM: fog
 25293 | Snake:2  | Reached XP level 17. HP: 126/126 MP: 18/18
 25391 | Snake:2  | You are sucked into a shaft and drop 1 floor!
 25397 | Snake:3  | XOM: confuse monster(s)
 25429 | Snake:2  | XOM: destruction
 25430 | Snake:2  | XOM: confuse monster(s)
 25544 | Snake:2  | XOM: silly message
 25675 | Snake:2  | XOM: confuse monster(s)
 25719 | Snake:2  | Noticed Azrael
 25724 | Snake:2  | XOM: noise
 25729 | Snake:2  | XOM: cast spell 'Summon Small Mammal'
 25733 | Snake:2  | Killed Azrael
 25734 | Snake:2  | XOM: silly message
 25738 | Snake:2  | XOM: divination: magic mapping
 25746 | Snake:2  | XOM: cast spell 'Dispersal'
 25763 | Snake:2  | Reached skill level 5 in Shields
 25839 | Snake:1  | XOM: noise
 25931 | Snake:2  | Noticed Aizul
 25934 | Snake:2  | XOM: divination: magic mapping
 25958 | Snake:2  | Killed Aizul
 26548 | Snake:2  | XOM: silly message
 26637 | Snake:3  | XOM: swap monsters
 26652 | Snake:3  | XOM: god gift: scroll of teleportation
 26708 | Snake:3  | Noticed Nikola
 26829 | Snake:2  | Killed Nikola
 27017 | Snake:3  | Noticed Bai Suzhen
 27021 | Snake:3  | Killed Bai Suzhen
 27164 | Snake:3  | Reached skill level 17 in Stealth
 27318 | Snake:3  | XOM: god gift: 5 boomerangs
 27611 | Snake:3  | XOM: fog
 27667 | Snake:3  | Noticed Agnes
 27669 | Snake:3  | Killed Agnes
 27678 | Snake:3  | XOM: god gift: scroll of poison
 27792 | Snake:3  | XOM: god gift: staff of death
 28276 | Snake:4  | Entered Level 4 of the Snake Pit
 28287 | Snake:4  | XOM: potion effect (haste)
 28311 | Snake:4  | XOM: summons friendly iron imp
 28373 | Snake:3  | XOM: give mutations
 28373 | Snake:3  | Gained mutation: You are partially covered in large bone
                  | plates. (SH +4) [Xom's grace]
 28373 | Snake:3  | Gained mutation: You have a pair of antennae on your head.
                  | [Xom's grace]
 28373 | Snake:3  | Gained mutation: You are somewhat resistant to further
                  | mutation. [Xom's grace]
 28466 | Snake:4  | Found Natuvos's Distillery.
 28476 | Snake:4  | Bought a potion of resistance for 130 gold pieces
 28476 | Snake:4  | Bought a potion of mutation for 104 gold pieces
 28476 | Snake:4  | Bought a potion of mutation for 104 gold pieces
 28476 | Snake:4  | Bought a potion of mutation for 104 gold pieces
 28476 | Snake:4  | Bought a potion of mutation for 104 gold pieces
 28537 | Snake:4  | XOM: scenery: create altars
 28561 | Snake:4  | XOM: enchant monster (bad)
 28586 | Snake:4  | XOM: snakes to sticks
 28591 | Snake:4  | Noticed Asterion
 28602 | Snake:4  | Killed Asterion
 28619 | Snake:4  | XOM: snakes to sticks
 28641 | Snake:4  | Reached XP level 18. HP: 92/132 MP: 19/19
 28679 | Snake:4  | XOM: god gift: kite shield {god gift}
 28691 | Snake:4  | XOM: divination: detect items
 28751 | Snake:4  | XOM: confuse monster(s)
 28783 | Snake:4  | Reached skill level 18 in Stealth
 28786 | Snake:4  | XOM: silly message
 28827 | Snake:4  | XOM: 1-stop teleportation journey
 28854 | Snake:4  | XOM: enchant monster (bad)
 28856 | Snake:4  | XOM: enchant monster (good)
 29102 | Snake:4  | XOM: swap monsters
 29150 | Snake:4  | XOM: give mutations
 29150 | Snake:4  | Lost mutation: You have a pair of antennae on your head.
                  | [Xom's mischief]
 29150 | Snake:4  | Lost mutation: You have an increased reservoir of magic.
                  | (+10% MP) [Xom's mischief]
 29195 | Snake:4  | Got a serpentine rune of Zot
 29581 | Orc:1    | XOM: silly message
 29621 | Shoals:1 | Identified the "Isoo"
 29621 | Shoals:4 | Identified the "Isyaw Olli"
 29621 | Vaults:2 | Identified the "Apraut"
 29621 | Vaults:5 | Identified the "Qetiyff"
 29621 | Vaults:5 | Identified the "Riagual"
 29621 | Vaults:5 | Identified the of Ucvetaoj
 29621 | Depths:1 | Identified the of Zongehu
 29621 | Elf:1    | Identified the "Muuty"
 29621 | Elf:1    | Entered Level 1 of the Elven Halls
 29635 | Elf:1    | XOM: summons friendly iron imp
 29735 | Elf:1    | Found Votalipt's Book Shop.
 29825 | Elf:1    | XOM: swap monsters
 30148 | Elf:1    | Found Piwnom's Jewellery Boutique.
 30162 | Elf:1    | Bought the ring of Juci {rPois rCorr} for 530 gold pieces
 30181 | Elf:1    | Found Moavi's Weapon Boutique.
 30470 | Elf:2    | Found Usubrorr's Antique Weapon Shoppe.
 30512 | Elf:2    | Noticed Roxanne
 30512 | Elf:2    | XOM: 1-stop teleportation journey
 30522 | Elf:2    | XOM: chaos upgrade
 30529 | Elf:2    | XOM: summons 2 friendly demons
 30531 | Elf:2    | XOM: summons 6 friendly demons
 30538 | Elf:2    | Killed Roxanne
 30652 | Elf:2    | Reached skill level 19 in Stealth
 30661 | Elf:2    | Reached skill level 15 in Shapeshifting
 30663 | Elf:2    | Found a runed translucent gate.
 30670 | Elf:2    | Found a runed translucent gate.
 30670 | Elf:2    | Found a runed translucent gate.
 30707 | Elf:2    | XOM: give mutations
 30707 | Elf:2    | Lost mutation: You are very agile. (Dex +8, Str/Int -2)
                  | [Xom's mischief]
 30707 | Elf:2    | Lost mutation: Your mind is acute. (Int +4, Str/Dex -1)
                  | [Xom's mischief]
 30707 | Elf:2    | Lost mutation: You possess an exceptional clarity of mind.
                  | [Xom's mischief]
 30707 | Elf:2    | Lost mutation: You expend magic power (3 MP) to strengthen
                  | your wands. [Xom's mischief]
 30942 | Elf:2    | XOM: confusion
 30978 | Elf:2    | XOM: torment (67/132 hp)
 31036 | Elf:2    | XOM: torment (67/132 hp)
 31144 | Elf:2    | Reached XP level 19. HP: 110/137 MP: 19/19
 31274 | Elf:3    | Identified the "Yhoigy"
 31274 | Elf:3    | Identified the of Ocipic
 31274 | Elf:3    | Identified the "Ubiduh"
 31274 | Elf:3    | Entered Level 3 of the Elven Halls
 31278 | Elf:3    | XOM: summons 4 hostile shadow creatures
 32118 | Elf:3    | Reached skill level 10 in Shields
 32172 | Elf:3    | XOM: cleaving
 32181 | Elf:3    | Reached skill level 20 in Stealth
 32205 | Elf:3    | Identified the ring "Zoczur" {rC+ rN+++ Str-5 Int+6}
 32227 | Elf:3    | Identified the ring "Tocsel" {rPois Str+6 Int+4}
 32231 | Abyss:2  | Found a corrupted altar of Lugonu.
 32231 | Abyss:2  | Cast into level 2 of the Abyss (a deep elf sorcerer)
 32258 | Abyss:2  | Found a corrupted altar of Lugonu.
 32273 | Abyss:2  | Found a corrupted altar of Lugonu.
 32277 | Abyss:2  | Found a corrupted altar of Lugonu.
 32309 | Abyss:2  | XOM: god gift: 53 gold pieces
 32339 | Abyss:2  | XOM: give mutation
 32339 | Abyss:2  | Gained mutation: You are robust. (+10% HP) [Xom's grace]
 32419 | Abyss:2  | Noticed a bone dragon
 32422 | Abyss:2  | XOM: cast spell 'Summon Dragon'
 32428 | Abyss:2  | Killed a bone dragon
 32493 | Abyss:2  | XOM: summons 2 friendly demons
 32498 | Abyss:2  | Paralysed by accursed screaming for 1 turns
 32501 | Abyss:2  | XOM: cleaving
 32523 | Elf:3    | Escaped the Abyss
 32524 | Elf:3    | Noticed a Hell Sentinel
 32531 | Elf:3    | XOM: summons friendly shadow imp
 32533 | Elf:3    | XOM: cast spell 'Disjunction'
 32662 | Elf:3    | XOM: god gift: 20 gold pieces
 32719 | Elf:3    | XOM: confuse monster(s)
 32750 | Elf:3    | Identified the +1 trident of the Fulmar {heavy, rF+ MP+9}
 32750 | Elf:3    | Identified the amulet "Neuts" {Faith Str-2 Dex+2 Stlth+}
 32793 | Elf:3    | Identified the staff "Pomebroa" {Contam rElec rPois rCorr
                  | Str+4 Air}
 32857 | Elf:3    | Identified the amulet of Quleron {Regen+ Str-4 Int+4 Dex+5}
 32860 | Elf:3    | Identified the +8 dagger "Nej Noju" {heavy, rF+ MP-9 Str+2}
 32900 | Elf:3    | Identified the +5 mace "Lozaw" {elec, *Noise rF+ rCorr
                  | Str+3}
 32903 | Elf:3    | Identified the +7 falchion of Doom {protect, rPois rCorr
                  | Int+3 Dex-3}
 33131 | Elf:1    | XOM: scenery: 4 doors close
 33243 | Vaults:1 | Entered Level 1 of the Vaults
 33249 | Vaults:1 | XOM: summons friendly white imp
 33398 | Vaults:1 | XOM: confuse monster(s)
 33444 | Vaults:1 | XOM: cast spell 'Summon Dragon'
 33449 | Vaults:1 | XOM: confusion (+ monsters)
 33455 | Vaults:1 | Reached XP level 20. HP: 158/158 MP: 20/20
 33462 | Vaults:1 | XOM: enchant monster (good)
 33465 | Vaults:1 | XOM: scenery: 1 doors open, 1 doors close
 33741 | Vaults:1 | Reached skill level 21 in Stealth
 33804 | Vaults:1 | XOM: 2-stop teleportation journey
 33830 | Vaults:1 | Found Kefas's Weapon Shop.
 33973 | Vaults:1 | Reached skill level 15 in Fighting
 34260 | Vaults:2 | Reached skill level 15 in Short Blades
 34310 | Vaults:2 | Paralysed by a great orb of eyes for 5 turns
 34311 | Vaults:2 | XOM: potion effect (might)
 34324 | Vaults:2 | XOM: cloud trail
 34343 | Vaults:2 | XOM: stat loss: -1 Str (16/17)
 34581 | Vaults:2 | Identified the +4 whip "Vosch" {freeze, Fragile +Blink Fly
                  | Int+4}
 34583 | Vaults:2 | Identified the +4 war axe of Duty {freeze, rPois Int+2}
 34650 | Vaults:2 | Paralysed by a great orb of eyes for 5 turns
 34655 | Vaults:2 | XOM: enchant monster (bad)
 34657 | Vaults:2 | XOM: noise
 35168 | Vaults:2 | XOM: divination: detect creatures
 35313 | Vaults:2 | Found a huge runed gate.
 35313 | Vaults:2 | Found a huge runed gate.
 35313 | Vaults:2 | Found a huge runed gate.
 35317 | Vaults:2 | Found a huge runed gate.
 35318 | Vaults:2 | Found a huge runed gate.
 35318 | Vaults:2 | Found a huge runed gate.
 35318 | Vaults:2 | Found a huge runed gate.
 35318 | Vaults:2 | Found a huge runed gate.
 35319 | Vaults:2 | Found a huge runed gate.
 35319 | Vaults:2 | Found a huge runed gate.
 35319 | Vaults:2 | Found a huge runed gate.
 35319 | Vaults:2 | Found a huge runed gate.
 35319 | Vaults:2 | Found a huge runed gate.
 35341 | Vaults:2 | Reached skill level 15 in Dodging
 35354 | Vaults:2 | XOM: enchant monster (bad)
 35358 | Vaults:2 | XOM: swap monsters
 35360 | Vaults:2 | Reached XP level 21. HP: 167/167 MP: 21/21
 35426 | Vaults:2 | Found a huge runed gate.
 35427 | Vaults:2 | Found a huge runed gate.
 35439 | Vaults:2 | Found a huge runed gate.
 35439 | Vaults:2 | Found a huge runed gate.
 35439 | Vaults:2 | Found a huge runed gate.
 35439 | Vaults:2 | Found a huge runed gate.
 35439 | Vaults:2 | Found a huge runed gate.
 35439 | Vaults:2 | Found a huge runed gate.
 35440 | Vaults:2 | Found a huge runed gate.
 35441 | Vaults:2 | Found a huge runed gate.
 35442 | Vaults:2 | Found a huge runed gate.
 35461 | Vaults:2 | Found a huge runed gate.
 35461 | Vaults:2 | Found a huge runed gate.
 35461 | Vaults:2 | Found a huge runed gate.
 35461 | Vaults:2 | Found a huge runed gate.
 35461 | Vaults:2 | Found a huge runed gate.
 35461 | Vaults:2 | Found a huge runed gate.
 35462 | Vaults:2 | Found a huge runed gate.
 35463 | Vaults:2 | Found a huge runed gate.
 35464 | Vaults:2 | Found a huge runed gate.
 35472 | Vaults:2 | Found a huge runed gate.
 35472 | Vaults:2 | Found a huge runed gate.
 35472 | Vaults:2 | Found a huge runed gate.
 35538 | Vaults:2 | Noticed an ancient lich
 35555 | Vaults:2 | XOM: scenery: 3 doors close
 35575 | Vaults:2 | Killed an ancient lich
 35585 | Vaults:2 | XOM: enchant monster (good)
 35627 | Vaults:2 | XOM: give mutations
 35627 | Vaults:2 | Lost mutation: You are agile. (Dex +4, Str/Int -1) [Xom's
                  | mischief]
 35627 | Vaults:2 | Lost mutation: You have a pair of small antennae on your
                  | head. [Xom's mischief]
 35627 | Vaults:2 | Lost mutation: One of your tentacles bears a nasty spike.
                  | [Xom's mischief]
 35846 | Vaults:3 | Found a staircase to the Crypt.
 35853 | Crypt:1  | Entered Level 1 of the Crypt
 35924 | Crypt:1  | Reached XP level 22. HP: 174/174 MP: 22/22
 35953 | Crypt:1  | Reached skill level 22 in Stealth
 35978 | Crypt:1  | XOM: summons 9 hostile demons
 36036 | Crypt:1  | XOM: stat loss: -1 Str (17/18)
 36427 | Crypt:1  | XOM: stat loss: -1 Int (22/23)
 36472 | Crypt:1  | XOM: give mutations
 36472 | Crypt:1  | Lost mutation: Your spells are harder to cast, but more
                  | powerful. [Xom's mischief]
 36472 | Crypt:1  | Lost mutation: One of your tentacles bears a spike. [Xom's
                  | mischief]
 36480 | Crypt:1  | XOM: chaos cloud
 36806 | Crypt:2  | XOM: noise
 36974 | Crypt:2  | XOM: silly message
 37005 | Crypt:2  | XOM is BORED!
 37020 | Crypt:2  | XOM: confusion
 37491 | Crypt:3  | Entered Level 3 of the Crypt
 37580 | Crypt:3  | XOM: divine lightning
 37581 | Crypt:3  | XOM: swap monsters
 37658 | Crypt:3  | Noticed a dread lich
 37668 | Crypt:3  | Paralysed by something for 3 turns
 37674 | Crypt:3  | XOM: scenery: summon butterflies
 37680 | Crypt:3  | Paralysed by something for 2 turns
 37685 | Crypt:3  | Paralysed by something for 2 turns
 37686 | Crypt:3  | XOM: scenery: create altars
 37689 | Crypt:3  | Killed a dread lich
 37761 | Crypt:3  | Reached XP level 23. HP: 181/181 MP: 23/23
 37830 | Crypt:3  | XOM: divination: detect creatures
 37972 | Crypt:3  | XOM: swap monsters
 38120 | Crypt:3  | Found a staircase to the Tomb.
 38195 | Crypt:3  | XOM: summons 3 hostile shadow creatures
 38361 | Crypt:3  | XOM: give mutations
 38361 | Crypt:3  | Lost mutation: You are somewhat resistant to further
                  | mutation. [Xom's mischief]
 38361 | Crypt:3  | Lost mutation: You are covered in fur. (AC +1) [Xom's
                  | mischief]
 38361 | Crypt:3  | Lost mutation: Your spells are a little harder to cast, but
                  | a little more powerful. [Xom's mischief]
 38361 | Crypt:3  | Gained mutation: You expend magic power (3 MP) to
                  | strengthen your wands. [Xom's mischief]
 38546 | Crypt:3  | Identified the +1 long sword of Terror {elec, +Blink Will+}
 38638 | Crypt:3  | XOM: stat loss: -1 Dex (29/30)
 38761 | Crypt:3  | Identified the +4 mace of the Grave {freeze, Fly Int+2
                  | Dex+3}
 38785 | Crypt:3  | XOM: swap monsters
 38795 | Crypt:3  | Identified the ring of the Queen {+Blink Fly Will+}
 38814 | Crypt:3  | Identified the +6 war axe of Xykukhlol {protect, Will-
                  | Str+2 Int+4}
 38815 | Crypt:3  | Identified the +6 scale mail of Nihilism {rC+++ Str-2 Int-2
                  | Dex+4}
 39017 | Vaults:3 | XOM: enchant monster (bad)
 39102 | Vaults:3 | XOM: polymorph orc priest -> river rat
 39454 | Vaults:3 | XOM: destruction
 39793 | Vaults:4 | XOM: confuse monster(s)
 39832 | Vaults:4 | Noticed Sojobo
 39839 | Vaults:4 | Killed Sojobo
 39840 | Vaults:4 | Reached skill level 23 in Stealth
 39842 | Vaults:4 | XOM: divine lightning
 39853 | Vaults:4 | XOM: cleaving
 39879 | Vaults:4 | Found a flickering gateway to a bazaar.
 39884 | Bazaar   | Entered a bazaar
 39915 | Bazaar   | Found Liry's Book Shoppe.
 39934 | Bazaar   | Found Ehieceg's Antique Armour Shop.
 39985 | Bazaar   | Found Kypt's Antique Armour Shoppe.
 39996 | Bazaar   | Found Tipigya's Distillery.
 40004 | Bazaar   | Bought a potion of might for 32 gold pieces
 40004 | Bazaar   | Bought a potion of might for 32 gold pieces
 40004 | Bazaar   | Bought a potion of resistance for 80 gold pieces
 40004 | Bazaar   | Bought a potion of heal wounds for 40 gold pieces
 40004 | Bazaar   | Bought a potion of might for 32 gold pieces
 40004 | Bazaar   | Bought 2 potions of curing for 48 gold pieces
 40004 | Bazaar   | Bought a potion of berserk rage for 40 gold pieces
 40004 | Bazaar   | Bought a potion of mutation for 64 gold pieces
 40057 | Vaults:4 | Identified the +3 ring mail of Darkness {rPois}
 40113 | Vaults:4 | XOM: god gift: ring mail {god gift}
 40161 | Vaults:4 | Identified the +2 leather armour of Nuirehin {rF- Will++
                  | Str+7}
 40177 | Vaults:4 | XOM: cleaving
 40421 | Vaults:4 | Noticed a dread lich
 40424 | Vaults:4 | Killed a dread lich
 40425 | Vaults:4 | Reached XP level 24. HP: 190/190 MP: 23/23
 40547 | Vaults:4 | XOM: god gift: boomerang
 40974 | Vaults:5 | Entered Level 5 of the Vaults
 40989 | Vaults:5 | XOM: divine lightning
 41089 | Vaults:4 | XOM: give mutations
 41089 | Vaults:4 | Gained mutation: You are resistant to electric shocks.
                  | (rElec) [Xom's mischief]
 41089 | Vaults:4 | Gained mutation: You occasionally shout uncontrollably at
                  | your foes. [Xom's mischief]
 41089 | Vaults:4 | Lost mutation: You occasionally shout uncontrollably at
                  | your foes. [Xom's mischief]
 41101 | Vaults:4 | XOM: confusion (+ monsters)
 41103 | Vaults:4 | XOM: noise
 41161 | Vaults:4 | XOM: silly message
 41162 | Vaults:4 | XOM: divination: detect creatures
 41252 | Vaults:4 | XOM: divination: magic mapping
 41310 | Vaults:5 | XOM: cast spell 'Summon Hydra'
 41358 | Vaults:5 | XOM: scenery: create altars
 41392 | Vaults:5 | XOM: scenery: summon butterflies
 41404 | Vaults:5 | Noticed an ancient lich
 41416 | Vaults:5 | Killed an ancient lich
 41440 | Vaults:5 | Noticed an ancient lich
 41458 | Vaults:5 | Killed an ancient lich
 41460 | Vaults:5 | XOM: enchant monster (good)
 41478 | Vaults:5 | XOM: confuse monster(s)
 41484 | Vaults:5 | XOM: summons friendly ufetubus
 41525 | Vaults:5 | XOM: enchant monster (good)
 41586 | Vaults:5 | XOM: fog
 41632 | Vaults:5 | XOM: god gift: staff of air
 41693 | Vaults:5 | Identified the staff "Zeveph" {rPois rCorr Poison}
 41715 | Vaults:5 | Identified the +4 robe of Plasticity {rC+ Will+ Str+2}
 41774 | Vaults:5 | Got a silver rune of Zot
 41821 | Vaults:5 | Learned a level 2 spell: Blink
 41875 | Vaults:5 | Identified the staff "Giovotirgh" {*Corrode Fly rElec SInv
                  | Conj}
 41882 | Vaults:5 | XOM: confuse monster(s)
 41883 | Vaults:5 | XOM: polymorph glowing orange brain -> glowing shapeshifter
 41897 | Vaults:5 | Found Xucsuxim's Antique Weapon Shop.
 41987 | Vaults:5 | XOM: summons 12 friendly demons
 42013 | Vaults:5 | Reached skill level 1 in Translocations
 42013 | Vaults:5 | XOM: divination: detect creatures
 42019 | Vaults:5 | XOM: smoke on damage
 42098 | Vaults:5 | Identified the +1 leather armour "Vuza" {rC+ Dex+2}
 42103 | Vaults:5 | Reached skill level 24 in Stealth
 42125 | Vaults:5 | XOM: give mutations
 42125 | Vaults:5 | Gained mutation: You are somewhat resistant to further
                  | mutation. [Xom's grace]
 42125 | Vaults:5 | Gained mutation: Your natural rate of healing is unusually
                  | fast. [Xom's grace]
 42278 | Vaults:5 | Found Ojuiroym's Antique Weapon Emporium.
 42397 | Vaults:5 | XOM: give mutations
 42397 | Vaults:5 | Lost mutation: Your natural rate of healing is unusually
                  | fast. [Xom's mischief]
 42397 | Vaults:5 | Lost mutation: You expend magic power (3 MP) to strengthen
                  | your wands. [Xom's mischief]
 42410 | Vaults:5 | XOM: stat loss: -1 Int (22/23)
 42963 | Zot:3    | Identified the of Uworgh
 42963 | Slime:1  | Entered Level 1 of the Pits of Slime
 42963 | Slime:1  | Found a viscous altar of Jiyva.
 42972 | Slime:1  | XOM: divination: magic mapping
 42978 | Slime:1  | Reached XP level 25. HP: 199/199 MP: 23/23
 43099 | Slime:3  | Paralysed by a floating eye for 3 turns
 43100 | Slime:3  | XOM: summons friendly quasit
 43150 | Slime:5  | Identified the "Ripnaril"
 43150 | Slime:5  | Entered Level 5 of the Pits of Slime
 43163 | Slime:5  | XOM: give mutation
 43163 | Slime:5  | Lost mutation: You are somewhat resistant to further
                  | mutation. [Xom's mischief]
 43172 | Slime:5  | Gained mutation: You are vulnerable to cold. (rC-) [a
                  | shining eye]
 43176 | Slime:5  | Gained mutation: You occasionally shout uncontrollably at
                  | your foes. [a shining eye]
 43179 | Slime:5  | XOM: enchant monster (good)
 43326 | Slime:5  | Lost mutation: You are robust. (+10% HP) [a shining eye]
 43327 | Slime:5  | Gained mutation: You are frail. (-10% HP) [a shining eye]
 43328 | Slime:5  | Lost mutation: Your muscles are very strong. (Str +8,
                  | Int/Dex -2) [a shining eye]
 43349 | Slime:5  | XOM: 1-stop teleportation journey
 43378 | Slime:5  | Noticed the Royal Jelly
 43383 | Slime:5  | XOM: blink monster(s)
 43384 | Slime:5  | XOM: fog
 43420 | Slime:4  | XOM: 3-stop teleportation journey
 43445 | Slime:5  | XOM: 2-stop teleportation journey
 43451 | Slime:5  | XOM: polymorph acid blob -> iron dragon
 43465 | Slime:5  | Found a viscous altar of Jiyva.
 43498 | Slime:5  | XOM: summons friendly quasit
 43510 | Slime:5  | XOM: blink monster(s)
 43515 | Slime:5  | XOM: summons friendly quasit
 43576 | Slime:5  | XOM: summons friendly white imp
 43579 | Slime:5  | XOM: smoke on damage
 43599 | Slime:5  | XOM: divination: detect items
 43617 | Slime:5  | Killed the Royal Jelly
 43622 | Slime:5  | XOM: 9-stop teleportation journey
 43690 | Slime:5  | Identified the +1 ring mail of Tiluomm {Harm}
 43704 | Slime:5  | Got a slimy rune of Zot
 43776 | Slime:5  | XOM: god gift: 6 stones
 43803 | Slime:5  | Lost mutation: You are partially covered in large bone
                  | plates. (SH +4) [potion of mutation]
 43803 | Slime:5  | Lost mutation: You are resistant to electric shocks.
                  | (rElec) [potion of mutation]
 44236 | D:1      | XOM: silly message
 44736 | D:1      | XOM is BORED!
 45524 | D:1      | XOM: noise
 45561 | D:1      | XOM: cloud trail
 45987 | D:1      | XOM: silly message
 46257 | D:1      | XOM: silly message
 46492 | D:1      | XOM: god gift: potion of ambrosia
 46805 | D:1      | XOM: silly message
 47048 | D:1      | XOM: silly message
 47988 | D:1      | XOM: noise
 48052 | D:1      | XOM: summons 1 hostile demon
 48462 | D:1      | XOM is BORED!
 48793 | D:1      | XOM: summons 4 hostile shadow creatures
 50108 | D:1      | XOM: divination: detect items
 50286 | D:1      | XOM is BORED!
 51166 | D:1      | XOM: silly message
 51270 | D:1      | XOM: silly message
 52301 | D:1      | XOM: stat loss: -1 Int (22/24)
 52310 | D:1      | XOM: cloud trail
 53502 | D:1      | XOM: cloud trail
 53508 | D:1      | XOM: god gift: 44 gold pieces
 53722 | D:1      | XOM: scenery: create altars
 54629 | D:1      | XOM: cloud trail
 55362 | D:1      | XOM is BORED!
 55362 | D:1      | XOM: silly message
 55570 | D:1      | XOM: silly message
 55779 | D:1      | XOM: summons 7 hostile demons
 55830 | D:2      | XOM: give mutation
 55830 | D:2      | Gained mutation: [You are clumsy. (Dex -2)] [Xom's
                  | mischief]
 56261 | D:1      | XOM: god gift: 2 stones
 56438 | D:1      | XOM: scenery: create altars
 56631 | D:1      | XOM: scenery: create altars
 56718 | D:1      | XOM: scenery: create altars
 57102 | D:1      | XOM is BORED!
 57149 | D:1      | XOM: 1-stop teleportation journey
 57961 | D:1      | XOM: silly message
 58197 | D:1      | XOM: divination: magic mapping
 58696 | D:1      | XOM: silly message
 58926 | D:1      | XOM: cloud trail
 59475 | D:1      | XOM: silly message
 59821 | D:1      | XOM: cloud trail
 60039 | D:1      | XOM: silly message
 60043 | D:1      | XOM: summons 4 hostile shadow creatures
 60395 | D:1      | XOM: silly message
 60457 | D:1      | Glimpsed the power of Zot.
 60783 | D:15     | Glimpsed the power of Zot.
 60828 | Depths:1 | Entered Level 1 of the Depths
 60923 | Depths:1 | Found a glowing golden altar of the Shining One.
 60981 | Depths:1 | Found a gateway to Hell.
 61010 | Depths:1 | XOM: polymorph stone giant -> formless jellyfish
 61018 | Depths:1 | XOM: divine lightning
 61351 | Depths:1 | XOM: cloud trail
 61503 | Depths:1 | Lost mutation: You are mostly covered in iridescent scales.
                  | (AC +4) [potion of mutation]
 61503 | Depths:1 | Lost mutation: You are strong-willed. (Will+) [potion of
                  | mutation]
 61503 | Depths:1 | Lost mutation: Your skin blends seamlessly with your
                  | surroundings (Stealth++). [potion of mutation]
 61503 | Depths:1 | Gained mutation: You are strong-willed. (Will+) [potion of
                  | mutation]
 61503 | Depths:1 | Gained mutation: You expend magic power (3 MP) to
                  | strengthen your wands. [potion of mutation]
 61503 | Depths:1 | Gained mutation: Your flesh is heat resistant. (rF+)
                  | [potion of mutation]
 61504 | Depths:1 | Lost mutation: Your flesh is heat resistant. (rF+) [potion
                  | of mutation]
 61504 | Depths:1 | Lost mutation: You expend magic power (3 MP) to strengthen
                  | your wands. [potion of mutation]
 61505 | Depths:1 | Lost mutation: You are partially covered in iridescent
                  | scales. (AC +2) [potion of mutation]
 61505 | Depths:1 | Lost mutation: You are strong-willed. (Will+) [potion of
                  | mutation]
 61506 | Depths:1 | Lost mutation: You are vulnerable to cold. (rC-) [potion of
                  | mutation]
 61506 | Depths:1 | Lost mutation: [Your body often deteriorates upon taking
                  | damage.] [potion of mutation]
 61506 | Depths:1 | Lost mutation: Your muscles are strong. (Str +4, Int/Dex
                  | -1) [potion of mutation]
 61506 | Depths:1 | Gained mutation: Your flesh is heat resistant. (rF+)
                  | [potion of mutation]
 61507 | Depths:1 | Lost mutation: [You are clumsy. (Dex -2)] [potion of
                  | mutation]
 61507 | Depths:1 | Lost mutation: You are frail. (-10% HP) [potion of
                  | mutation]
 61507 | Depths:1 | Gained mutation: You are agile. (Dex +4, Str/Int -1)
                  | [potion of mutation]
 61507 | Depths:1 | Gained mutation: Your flesh is very heat resistant. (rF++)
                  | [potion of mutation]
 61624 | Hell     | Entered the Vestibule of Hell
 61627 | Hell     | Gained mutation: [Your magical capacity is low. (-10% MP)]
                  | [a cacodemon]
 61637 | Hell     | Noticed Geryon
 61640 | Abyss:2  | Cast into level 2 of the Abyss (reaper)
 61650 | Abyss:2  | Found a corrupted altar of Lugonu.
 61724 | Abyss:2  | XOM: divination: detect creatures
 61735 | Abyss:3  | Found a corrupted altar of Lugonu.
 61850 | Abyss:3  | XOM: noise
 61851 | Abyss:3  | XOM: summons 12 friendly demons
 61852 | Abyss:3  | XOM: confuse monster(s)
 61859 | Abyss:3  | XOM: destruction
 61870 | Abyss:3  | Paralysed by accursed screaming for 2 turns
 61873 | Abyss:3  | XOM: summons friendly shadow imp
 61877 | Abyss:3  | Paralysed by accursed screaming for 2 turns
 61880 | Abyss:3  | Paralysed by accursed screaming for 1 turns
 62028 | Abyss:3  | XOM: cleaving
 62063 | Abyss:5  | XOM: noise
 62129 | Abyss:5  | XOM: enchant monster (good)
 62134 | Abyss:5  | Paralysed by accursed screaming for 2 turns
 62169 | Abyss:6  | Reached skill level 15 in Shields
 62171 | Abyss:6  | XOM: potion effect (curing)
 62176 | Abyss:6  | XOM: polymorph large abomination -> large abomination
 62182 | Abyss:6  | XOM: confusion
 62224 | Abyss:6  | Paralysed by accursed screaming for 1 turns
 62228 | Abyss:6  | Paralysed by accursed screaming for 1 turns
 62233 | Abyss:6  | Reached XP level 26. HP: 97/189 MP: 20/20
 62233 | Abyss:6  | Gained mutation: [You sometimes lose your temper in
                  | combat.] [a neqoxec]
 62234 | Abyss:6  | Gained mutation: [Your magical capacity is very low. (-20%
                  | MP)] [a neqoxec]
 62238 | Abyss:6  | Paralysed by accursed screaming for 1 turns
 62240 | Abyss:6  | Paralysed by accursed screaming for 2 turns
 62241 | Abyss:6  | XOM: fake destruction
 62258 | Abyss:6  | Gained mutation: You are frail. (-10% HP) [a neqoxec]
 62262 | Abyss:6  | Lost strength.
 62297 | Abyss:6  | HP: 11/221 [bone dragon (17)]
 62350 | Abyss:6  | Found a corrupted altar of Lugonu.
 62381 | Abyss:6  | Reached skill level 5 in Translocations
 62392 | Abyss:6  | HP: 12/331 [starcursed mass/accursed screaming (5)]
 62395 | Abyss:6  | Killed from afar by a starcursed mass

Illustrated notes

Levels and vault maps discovered:
D:1:      nicolae_arrival_somewhat_less_tricky_arrival, layout_loops_ring,
          wander_ebering_terrifying_dragon_lair
D:2:      layout_loops_corners, grunt_ministairs_3, guppyfry_early_lair_pool
D:3:      layout_rooms
D:4:      layout_basic, pdpol_wu_jian_five_deadly_venoms,
          nicolae_kikubaaqudgha_miasma_corner, minitemple,
          hellmonk_ghost_happy_afterlife, uniq_sigmund
D:5:      layout_basic, elyvilon_altar_5, serial_shops, nicolae_shop_stone
D:6:      layout_basic, lemuel_coloured_pillars_altar,
          grunt_temple_overflow_open, minmay_temple_entry_large_hall,
          uniq_maggie
D:7:      layout_gridville, gammafunk_ghost_split, minivault_1, eino_jars
D:8:      layout_basic, enter_ossuary_3, grunt_decor_fettered,
          corexii_leaking_fountain, grunt_livestock, uniq_jeremiah
D:9:      layout_roguey, due_lair_maze_entry_diamond, serial_co_window_serial,
          co_window_paths_a, co_window_paths_a, co_window_paths_b,
          co_window_corner_a, co_window_paths_a, co_window_broadway_a,
          co_window_corner_ca, co_window_corner_cb, co_window_corner_b,
          glass_columns_b, glass_columns_a, glass_columns_a, glass_columns_a,
          glass_columns_c
D:10:     layout_big_octagon, serial_gnoll_camp, gnoll_camp_mini_basic,
          gnoll_camp_mini_house, gnoll_camp_mini_loothouse,
          gnoll_camp_medium_02, grunt_decor_clamped
D:11:     layout_roguey, serial_co_window_serial, co_window_paths_a,
          co_window_paths_a, co_window_paths_b, co_window_corner_a,
          co_window_paths_a, co_window_corner_a, co_window_cross_1,
          co_window_corner_a, co_window_paths_a, co_window_broadway_c,
          co_window_corner_b, co_window_paths_c, co_window_2corner,
          co_window_unsneaky_path_e, co_window_broadway_a, glass_columns_a,
          glass_columns_a, glass_columns_c, gauntlet_entry_generic, minivault_27
D:12:     layout_roguey, erik_orc_1
D:13:     minmay_the_grid_octo_tiled_octocenter_mashed
          [minmay_the_grid_octo_empty, minmay_the_grid_octo_chip,
          minmay_the_grid_octo_focus, minmay_the_grid_octo_fat_diamond,
          minmay_the_grid_octo_prize_single_spiral,
          minmay_the_grid_square_5x5_n, minmay_the_grid_square_5x5_hourglass,
          minmay_the_grid_square_5x5_c, minmay_the_grid_square_5x5_gyroscope],
          layout_cave_pools
D:14:     minmay_shoctagon, layout_cave_pools, roderic_lattice_a,
          dk_noncrumbling_4, lightli_church_of_beogh
D:15:     gammafunk_enter_depths_forms, layout_loops_cross, chequers_garden
Lair:1:   layout_big_grid, gammafunk_ghost_split
Lair:2:   layout_big_grid, minmay_shoals_entry_beasts, st_stairs_13,
          infiniplex_staircase_pool_2
Lair:3:   layout_gridlike, nicolae_snake_entry_squirm, kennysheep_rathole,
          grunt_megastairs_3, infiniplex_staircase_pool
Lair:4:   layout_cave_pods, dpeg_slime_entry_corner, lemuel_centaur_altar,
          grunt_megastairs_4
Lair:5:   hangedman_lair_in_review, layout_loops_ring,
          hangedman_lair_caniforms_friends
Snake:1:  layout_rooms, serial_bayou_shore_a
Snake:2:  nicolae_sea_snake_s, layout_chambers, nrook_guardian_serpent_double,
          uniq_aizul, uniq_azrael
Snake:3:  layout_layer_cave, nicolae_snake_lava_pool, nicolae_integral_box,
          uniq_nikola, uniq_bai_suzhen, uniq_agnes
Snake:4:  johnstein_snake_rune_scales, layout_onion_interference, serial_shops,
          nicolae_shop_industrial_runoff, uniq_asterion
Slime:1:  nicolae_slime_pool, layout_caves, basic_altar
Slime:2:  layout_caves
Slime:3:  layout_caves
Slime:4:  layout_caves
Slime:5:  slime_pit
Orc:1:    layout_caves, portal_ice_cave_entry_imps, basic_altar,
          hellmonk_guarded_unrand_dark_maul, uniq_josephine, uniq_maurice
Orc:2:    pf_orc_diabolical, layout_caves, hangedman_feature_mirror
Elf:1:    layout_geoelf_diagonals, serial_shops, nicolae_book_shop_shelving,
          shop_coins, shop, serial_glass, glass_columns_a, glass_columns_b,
          glass_columns_c, glass_columns_a, kennysheep_underground_church
Elf:2:    nicolae_elf_blades_crystal_corner, layout_gridlike, serial_shops,
          nicolae_diamond_shop, uniq_roxanne
Elf:3:    minmay_elf_hall_furrowed, layout_loops_corners, st_stairs_12,
          drop_trap
Vaults:1: v_alt_pattern_5, grunt_vaults_bifocal,
          nicolae_vaults_storage_closets_3, nicolae_vaults_diagonal_hallway_6,
          v_misc_5, hangedman_vaults_corner, v_alt_pattern_1, v_alt_pattern_6,
          vaults_room_fours, nicolae_vaults_tetromino_Z_2,
          layout_vaults_maze_snakey, serial_shops, nicolae_shop_rolling_square
Vaults:2: nicolae_vaults_theta, grunt_vaults_trifunnel,
          ontoclasm_vaults_ring_small, nicolae_vaults_mini_display_case,
          nicolae_vaults_theta, nicolae_vaults_weapon_check, v_misc_2,
          v_rooms_2, v_pattern_4, door_vault, nicolae_vaults_house_1,
          nicolae_vaults_little_squares_2, layout_vaults_omnicross
Vaults:3: minmay_crypt_entry_simple_box, grunt_vaults_swirl,
          nicolae_vaults_network_s, special_room_vaults [special_room_orc],
          nicolae_vaults_ellipses_ellipsis, nicolae_vaults_closet_pinwheel_5,
          nicolae_vaults_trapezoid_3, v_misc_3, hangedman_vaults_nails,
          vaults_room_pool, nicolae_vaults_apartment_2, layout_vaults_big_room
Vaults:4: grunt_vaults_hallway_short, vaults_standard_mumra_x,
          nicolae_vaults_steering_wheel, hangedman_vaults_trim,
          vaults_mumra_chevron, hangedman_vaults_unwind,
          nicolae_vaults_wrenched, hangedman_vaults_snaps, st_octagons_1,
          v_misc_13, layout_vaults_omnibox, serial_shops, bzr_entry_road,
          uniq_sojobo
Vaults:5
Crypt:1:  layout_gridlike, grunt_crypt_arrival_guarded_gate
Crypt:2:  layout_catacombs
Crypt:3:  due_elkab, layout_chaotic_city, st_stairs_3, minivault_19
Depths:1: layout_long_grid, hell_entry, nicolae_tso_carved_into_rock,
          minmay_checkered_concentric_circles
Hell
Abyss:6:  base: Crypt:3, hangedman_abyss_mock_shop,
          evilmike_nicolae_abyss_rune_betentacled_crabyss,
          hangedman_abyss_exit_choices, minivault_19,
          hangedman_abyss_or_decor_passed, evilmike_abyss_rune_tso_outpost,
          spicy_abyss_planar_alliance, nicolae_abyss_rune_left_handed,
          hangedman_abyss_or_decor_lesser_grid, hangedman_eye_storm,
          dshaligram_kb_abyss_rune_zappy_water_cross

Skill      XL: |  1  2  3  4  5  6  7  8  9 10 11 12 13 14 15 16 17 18 19 20 21 22 23 24 25 26 |
---------------+-------------------------------------------------------------------------------+-----
Dodging        | 4 5 6 8 9 10 11 12 13 14 15 16 17 | 17.6
Fighting       | 4 5 7 8 10 11 12 13 14 15 16 17 18 | 18.0
Short Blades   | 4 5 7 8 9 10 11 12 13 14 15 16 17 19 | 19.7
Evocations     | 2 5 6 7 8 9 |  9.1
Stealth        | 8 11 13 14 16 17 19 20 21 22 23 24 | 24.7
Shapeshifting  | 1 4 7 9 11 13 15 16 17 18 19 20 21 | 21.3
Shields        | 4 7 9 11 12 13 14 15 | 15.1
Translocations | 1 4 5 |  5.0

Action                     |  1- 3 |  4- 6 |  7- 9 | 10-12 | 13-15 | 16-18 | 19-21 | 22-24 | 25-27 || total
---------------------------+-------+-------+-------+-------+-------+-------+-------+-------+-------++-------
  Melee: Short sword       |    79 |       |       |       |       |       |       |       |       ||    79
         Constrict         |    24 |     9 |    63 |   118 |   190 |   149 |   110 |   154 |    88 ||   905
         Tentacles         |    15 |    18 |    86 |   362 |   697 |   712 |   422 |   748 |   553 ||  3613
         Dagger            |    12 |    39 |   256 |       |       |       |       |       |       ||   307
         Kick              |     5 |     2 |       |    50 |  1157 |  1125 |   695 |    57 |       ||  3091
         Punch             |       |       |     7 |    24 |    36 |    55 |    16 |    35 |    35 ||   208
         Quick blade       |       |       |    40 |  1015 |  2046 |  1919 |  1059 |  1728 |  1224 ||  9031
         Rapier            |       |       |       |       |       |    39 |    29 |       |       ||    68
  Evoke: Wand              |       |       |       |    10 |     2 |       |       |       |     1 ||    13
    Use: Potion            |       |     2 |     2 |     1 |     4 |     1 |     3 |     2 |    16 ||    31
         Scroll            |       |     1 |    10 |     8 |    11 |     9 |     1 |     2 |     7 ||    49
   Stab: Sleeping          |     8 |     2 |     3 |     4 |    53 |    72 |    50 |    88 |     8 ||   288
         Petrifying        |     1 |       |       |       |       |       |       |     1 |       ||     2
         Invisible         |       |       |     4 |    29 |    27 |       |       |       |       ||    60
         Confused          |       |       |     1 |       |    17 |     3 |     9 |    14 |     1 ||    45
         Paralysed         |       |       |       |     8 |       |       |       |       |     1 ||     9
         Distracted        |       |       |       |       |     4 |     7 |     8 |    12 |     9 ||    40
         Petrified         |       |       |       |       |     3 |       |     1 |       |       ||     4
 Armour: Skin              |    32 |    12 |    81 |   199 |   317 |   199 |   196 |   444 |   347 ||  1827
  Dodge: Dodged            |    52 |    14 |   135 |   397 |   647 |   555 |   543 |  1013 |  1160 ||  4516
  Block: Other             |       |     6 |    38 |    90 |   149 |    21 |       |       |       ||   304
         Reflection        |       |       |     3 |     3 |    11 |    94 |    23 |       |       ||   134
         Kite shield       |       |       |       |       |       |   702 |   667 |  1113 |   960 ||  3442
   Form: Statue            |       |       |       |       |       |       |     1 |       |       ||     1

Table legend: (Time is in decaauts)
 A = Elapsed time spent in this place.
 B = Non-inter-level travel time spent in this place.
 C = Inter-level travel time spent in this place.
 D = Time resting spent in this place.
 E = Time spent auto-exploring this place.
 F = Levels seen in this place.
 G = Mean time per level.
                   A        B        C        D        E       F      G
               +--------+--------+--------+--------+--------+-----+--------+
         Total |  75163 |  71014 |   4149 |  29730 |  29537 |  54 | 1391.9 |
       Dungeon |  41662 |  39790 |   1872 |  27584 |   9751 |  15 | 2777.5 |
          Lair |   5763 |   4965 |    798 |    590 |   3189 |   5 | 1152.6 |
     Snake Pit |   4560 |   4303 |    257 |    292 |   2894 |   4 | 1140.0 |
    Slime Pits |   1230 |   1164 |     66 |    190 |    174 |   5 |  246.0 |
  Orcish Mines |   1503 |   1322 |    181 |     21 |    956 |   2 |  751.5 |
   Elven Halls |   3456 |   3289 |    167 |    291 |   2173 |   3 | 1152.0 |
        Vaults |   8731 |   8359 |    372 |    457 |   5661 |   5 | 1746.2 |
         Crypt |   4403 |   4140 |    263 |     10 |   3058 |   3 | 1467.7 |
        Depths |   1101 |    932 |    169 |      0 |    660 |   1 | 1101.0 |
          Hell |     16 |     15 |      1 |      0 |      0 |   1 |   16.0 |
         Abyss |   1479 |   1479 |      0 |    214 |    402 |   6 |  246.5 |
        Bazaar |    220 |    220 |      0 |      0 |    168 |   1 |  220.0 |
       Ossuary |    250 |    250 |      0 |      0 |    120 |   1 |  250.0 |
      Ice Cave |    482 |    482 |      0 |     51 |    270 |   1 |  482.0 |
      Gauntlet |    303 |    303 |      0 |     28 |     59 |   1 |  303.0 |
               +--------+--------+--------+--------+--------+-----+--------+

Top non-repeatable levels by time:
     D:1: 27079 daAuts
Vaults:2: 2034 daAuts
Vaults:4: 1993 daAuts
 Crypt:3: 1963 daAuts
Vaults:5: 1908 daAuts
   Elf:3: 1648 daAuts
    D:11: 1603 daAuts
 Snake:3: 1598 daAuts
Vaults:3: 1468 daAuts
     D:6: 1450 daAuts
  Lair:5: 1409 daAuts
     D:7: 1380 daAuts
 Snake:2: 1356 daAuts
  Lair:3: 1338 daAuts
 Crypt:2: 1329 daAuts
